 Dungeon Crawl Stone Soup version 0.27.1-33-g824d729ab1 (webtiles) character file.

Game seed: 11478945371975993913

30 comborobin the Sneak (level 2, -1/25 HPs)
             Began as a Demigod Delver on Dec 28, 2021.
             Slain by an orc (5 damage)
             ... on level 5 of the Dungeon.
             The game lasted 00:00:32 (157 turns).

comborobin the Sneak (Demigod Delver)                Turns: 157, Time: 00:00:32

Health: -1/25      AC:  3    Str: 13    XL:     2   Next: 84%
Magic:  4/4        EV: 11    Int: 12    God:
Gold:   0          SH:  0    Dex: 15    Spells: 1/1 levels left

rFire    . . .     SeeInvis .   a - +0 mace
rCold    . . .     Faith    .   (no shield)
rNeg     . . .     Spirit   .   b - +0 leather armour
rPois    .         Reflect  .   (no helmet)
rElec    .         Harm     .   (no cloak)
rCorr    .         Rampage  .   (no gloves)
Will     .....                  (no boots)
Stlth    +++.......             (no amulet)
HPRegen  0.08/turn              (no ring)
MPRegen  0.09/turn              (no ring)

@: no status effects
A: high mp 1, forlorn
a: no special abilities


You were on level 5 of the Dungeon.
You visited 1 branch of the dungeon, and saw 1 of its levels.

Inventory:

Hand Weapons
 a - a +0 mace (weapon)
Armour
 b - a +0 leather armour (worn)
Wands
 g - a wand of digging (3)
Scrolls
 c - a scroll of fog
 d - a scroll of magic mapping
 e - a scroll of noise {unknown}
Potions
 f - a potion of haste


   Skills:
 - Level 2.6 Fighting
 + Level 3.2 Maces & Flails
 - Level 1.7 Dodging
 - Level 4.5 Stealth


You had one spell level left.
You didn't know any spells.
Your spell library was empty.

Dungeon Overview and Level Annotations

Branches:
Dungeon (5/15)
 Temple: D:4-7

Shops:
D:5 [

Annotations:
D:5 Eustachio


Innate Abilities, Weirdness & Mutations

Your attributes grow dramatically as you level up.
You have an increased reservoir of magic. (+10% MP)
You shall have no god before yourself.


Message History

The hound is severely wounded.
The hound bites you.
* * * LOW HITPOINT WARNING * * *
The hound completely misses you.
You miss the hound.
The hound is severely wounded.
The hound barely misses you. The hound closely misses you.
You closely miss the hound.
The hound is severely wounded.
The hound barely misses you. The hound bites you.
* * * LOW HITPOINT WARNING * * *
You hit the hound but do no damage.
The hound is severely wounded.
The hound bites you but does no damage. x2
You are too injured to fight recklessly!
You hit the hound.
You kill the hound!
Your Maces & Flails skill gained 2 levels and is now at level 3!
You have reached level 2!
You start resting.
An orc comes into view. It is wielding a +0 hand axe.
You see here a hound corpse.
The orc shouts!
You hit the orc.
The orc is lightly wounded.
The orc hits you with a +0 hand axe.
* * * LOW HITPOINT WARNING * * *
Press: ? - help, v - describe, . - travel
Here: an orc, wielding a +0 hand axe and wearing a +0 leather armour (lightly wounded)
The floor.
Unknown command.
You hit the orc.
The orc is heavily wounded.
The orc closely misses you.
You hit the orc but do no damage.
The orc is heavily wounded.
The orc hits you with a +0 hand axe.
* * * LOW HITPOINT WARNING * * *
The orc hits you with a +0 hand axe.
You die...

.# #.# #.# .### #### #.#
...##### ...##.#
.##...... #..#.#
........###########.#.##
........................
##@o...#########.##
#####..## #... ##..##
#.#. ##o†# #.## ##.# #?#
#.# #.# #.. #.# ###. #[#
.. !.#


You could see an orc.

Vanquished Creatures
  A hound (D:5)
1 creature vanquished.

Notes
Turn   | Place    | Note
-------+----------+-------------------------------------------
     0 | D:5      | comborobin the Demigod Delver began the quest for the Orb.
     0 | D:5      | Reached XP level 1. HP: 18/18 MP: 3/3
     6 | D:5      | Noticed Eustachio
     7 | D:5      | Noticed an ogre
    18 | D:5      | Noticed a scorpion
    44 | D:5      | Noticed a hound
    60 | D:5      | Killed a hound
    61 | D:5      | Reached XP level 2. HP: 3/25 MP: 4/4
   157 | D:5      | Slain by an orc

Illustrated notes

Levels and vault maps discovered:
D:5:      layout_rooms, mainiacjoe_overflow_brackets,
          minmay_temple_entry_drinking_statues, serial_shops, shop,
          dk_noncrumbling_2, minmay_statues_item, nicolae_shop_self_help,
          uniq_eustachio

Skill      XL: |  1 |
---------------+----+-----
Maces & Flails | 3 |  3.2
Fighting       | |  2.6
Dodging        | |  1.7
Stealth        | |  4.5

Action                   || total
-------------------------++-------
Melee: Mace              ||    10
  Use: Scroll            ||     1
Armor: Leather armour    ||     3
Dodge: Dodged            ||     5
